 Dungeon Crawl Stone Soup version 0.30.0-10-gfe55d96785 (webtiles) character file.

Game seed: 17971047458448333402

2 qw the Trooper (level 1, -1/14 HPs)
             Began as a Gargoyle Cinder Acolyte on May 17, 2023.
             Was a High Priest of Ignis.
             Slain by a hobgoblin (3 damage)
             ... on level 1 of the Dungeon.
             The game lasted 00:00:02 (61 turns).

qw the Trooper (Gargoyle Cinder Acolyte)              Turns: 61, Time: 00:00:03

Health: -1/14      AC: 11    Str: 17    XL:     1   Next: 30%
Magic:  2/2        EV: 11    Int: 14    God:    Ignis [*****.]
Gold:   6          SH:  0    Dex:  5    Spells: 2/2 levels left

rFire   + . .        a - -1 hand axe (flame)
rCold   . . .        (no shield)
rNeg    + . .        b - +0 robe
rPois   inf          (no helmet)
rElec   +            (no cloak)
rCorr   .            (no gloves)
SInv    .            (no boots)
Will    .....        (no amulet)
Stlth   +            (no ring)
HPRegen 0.22/turn    (no ring)
MPRegen 0.08/turn

%: no passive effects
@: fiery-armoured
A: sickness immunity, AC +2, negative energy resistance 1, electricity
resistance, torment resistance 1, petrification resistance
a: Renounce Religion, Fiery Armour, Foxfire Swarm, Rising Flame


You were on level 1 of the Dungeon.
You worshipped Ignis.
Ignis was extremely pleased with you.
You visited 1 branch of the dungeon, and saw 1 of its levels.

You collected 6 gold pieces.


Innate Abilities, Weirdness & Mutations

You are immune to sickness and miasma.
Your stone body is resilient. (AC +2)
You are immune to poison.
You resist negative energy. (rN+)
You are resistant to electric shocks. (rElec)
You are resistant to unholy torment.
You are immune to petrification.


   Skills:
 - Level 3.2 Fighting
 + Level 2.8 Axes
 - Level 1.0 Spellcasting
 - Level 3.0 Fire Magic


You had 2 spell levels left.
You didn't know any spells.
Your spell library contained the following spells:

 Spells                   Type           Power      Damage    Failure   Level
 Scorch                   Fire           18%        2d5       12%         2

Inventory:

Hand Weapons
 a - a -1 hand axe of flaming (weapon)
Armour
 b - a +0 robe (worn)
 d - a +0 chain mail
Potions
 c - a potion of attraction {unknown}

Dungeon Overview and Level Annotations

Branches:
Dungeon (1/15)

Altars:


Message History

The flames of Ignis gently warm you.
Press ? for a list of commands and other information.
Found a staircase leading out of the dungeon.
Options error: Missing colour in message_colour setting: 'then' x2
Waypoint 0 assigned to D:1.
0 ||| PLANNING D:1-11 You open the door.
There is an open door here.
A frilled lizard comes into view.
The frilled lizard hisses angrily.
You miss the frilled lizard. The frilled lizard barely misses you.
You miss the frilled lizard. The frilled lizard bites you.
You hit the frilled lizard. You burn the frilled lizard.
You kill the frilled lizard!
You start resting.
HP restored.
A bat comes into view.
You closely miss the bat. The bat hits you but does no damage.
The bat hits you but does no damage.
You barely miss the bat. The bat hits you but does no damage.
You hit the bat. You burn the bat.
You kill the bat!
c - a brown potion You now have 6 gold pieces.
d - a +0 chain mail A hobgoblin comes into view.
The hobgoblin shouts!
You hit the hobgoblin but do no damage. The hobgoblin hits you.
You hit the hobgoblin. You burn the hobgoblin.
The hobgoblin is heavily wounded.
The hobgoblin hits you. x2
61 ||| INVOKING Fiery Armour.
A protective cloak of flame settles atop you.
The hobgoblin hits you.
You die...

.........##.#####
#######.###.#
#.##..# #.##.##
#.##.# # #.##.#
.# #.##.# #.##
#.##.####g..#
#'##....@.?.#
####.#######...#
##..#.#..##
#.....#
#.#.#.#.#.#
.###.#
#..#...#..# . #
####.....#### ##
+.....<.....+
####.....####
#..#...#..#


You could see a hobgoblin.

Vanquished Creatures
  A bat (D:1)
  A frilled lizard (D:1)
2 creatures vanquished.

Notes
Turn   | Place    | Note
-------+----------+-------------------------------------------
     0 | D:1      | qw the Gargoyle Cinder Acolyte began the quest for the Orb.
     0 | D:1      | Reached XP level 1. HP: 14/14 MP: 2/2
     0 | D:1      | 0 ||| qw: Version: 0.2-a-95-g4c1bab1
     0 | D:1      | 0 ||| qw: Game counter: 131
     0 | D:1      | 0 ||| qw: Always use a shield: true
     0 | D:1      | 0 ||| qw: God list: Okawaru
     0 | D:1      | 0 ||| qw: Allow faded altars: false
     0 | D:1      | 0 ||| qw: Do Orc after D:15 true
     0 | D:1      | 0 ||| qw: Do second Lair branch before Depths: true
     0 | D:1      | 0 ||| qw: Lair rune preference: random
     0 | D:1      | 0 ||| qw: Plans: Normal
     0 | D:1      | 0 ||| PLANNING D:1-11
    60 | D:1      | HP: 2/14 [hobgoblin (4)]
    61 | D:1      | 61 ||| INVOKING Fiery Armour.
    61 | D:1      | Slain by a hobgoblin

Levels and vault maps discovered:
D:1:      nzn_arrival_crosshair, layout_loops_ring

Action                     || total
---------------------------++-------
  Melee: Hand axe          ||     8
 Invoke: Fiery Armour      ||     1
 Armour: Robe              ||     3
  Dodge: Dodged            ||     1

Table legend:
 A = Non-vault XP
 B = Vault XP
 C = Vault XP percentage of total XP
 D = Non-vault monster count
 E = Vault monster count
 F = Vault count percentage of total count
                 A         B        C        D         E       F
            +---------+---------+-------+---------+---------+-------
      Total |       3 |       0 |   0.0 |       2 |       0 |   0.0
            +---------+---------+-------+---------+---------+-------
        D:1 |       3 |       0 |   0.0 |       2 |       0 |   0.0
            +---------+---------+-------+---------+---------+-------
